 Dungeon Crawl Stone Soup version 0.19.1-1-g22dce08 (webtiles) character file.

301 Gargoyl the Skirmisher (level 6, -1/53 HPs)
             Began as a Ghoul Abyssal Knight on Jan 9, 2017.
             Was a Believer of Lugonu.
             Slain by a worker ant (4 damage)
             ... on level 4 of the Dungeon.
             The game lasted 00:06:41 (2678 turns).

Gargoyl the Skirmisher (Ghoul Abyssal Knight)       Turns: 2678, Time: 00:06:41

Health: -1/53      AC: 10    Str: 16    XL:     6   Next: 37%
Magic:  7/7        EV:  7    Int:  7    God:    Lugonu [**....]
Gold:   147        SH:  0    Dex: 10    Spells: 0 memorised, 5 levels left

rFire  . . .     SeeInvis .     t - +0 war axe
rCold  + . .     Gourm    .     e - +0 chain mail
rNeg   + + +     Faith    .     (no shield)
rPois  ∞         Spirit   .     (no helmet)
rElec  .         Reflect  .     (no cloak)
rCorr  +         Harm     .     (no gloves)
MR     .....                    k - +0 pair of boots
Stlth  ..........               d - amulet of regeneration
                                (no ring)
                                f - ring of resist corrosion

@: rotting, slowed, very slow
A: rotting body, claws 1, carnivore 3, cold resistance 1, negative energy
resistance 3, slow regeneration 1, torment resistance, unbreathing
a: Depart the Abyss, Bend Space, Renounce Religion


You were on level 4 of the Dungeon.
You worshipped Lugonu.
Lugonu was pleased with you.
You were not hungry.

You visited 1 branch of the dungeon, and saw 4 of its levels.
You visited the Abyss 1 time.

You collected 147 gold pieces.

Inventory:

Hand Weapons
 a - a +1 hand axe
 s - a +0 trident
 t - a +0 war axe (weapon)
Missiles
 u - 8 tomahawks (quivered)
Armour
 e - a +0 chain mail (worn)
 k - a +0 pair of boots (worn)
Jewellery
 d - an amulet of regeneration (around neck)
 f - a ring of resist corrosion (left claw)
Wands
 r - a wand of hasting (1/9)
Scrolls
 j - 5 scrolls of teleportation
 l - 3 scrolls of remove curse {unknown}
 m - 2 scrolls of recharging {unknown}
 n - 4 scrolls of identify
 q - a scroll of noise {unknown}
Potions
 b - 2 potions of lignification {unknown}
 h - a potion of heal wounds
 o - 2 potions of cancellation {unknown}
 p - a potion of brilliance {unknown}
Comestibles
 c - 2 meat rations
 g - a slice of pizza
 i - a beef jerky
 v - 8 chunks of flesh


   Skills:
 + Level 4.3 Fighting
 + Level 3.8 Axes
 * Level 3.6 Armour
 + Level 1.3 Dodging
 * Level 2.8 Invocations


You had 5 spell levels left.
You didn't know any spells.

Dungeon Overview and Level Annotations

Branches:
Dungeon (4/15)
 Temple: D:4-7

Altars:

Annotations:
D:4 Menkaure, Natasha


Innate Abilities, Weirdness & Mutations

Your body is rotting away.
You thrive on raw meat.
You are immune to poison.
You have sharp fingernails.
You are carnivorous and can eat meat at any time.
Your flesh is cold resistant. (rC+)
You are immune to negative energy. (rN+++)
You regenerate slowly when monsters are visible.
You are immune to unholy pain and torment.
You can survive without breathing.


Message History

* * * LOW HITPOINT WARNING * * *
The worker ant bites you but does no damage.
You see here 10 gold pieces.
Eat one of 9 chunks of flesh? (ye/n/q)
You start eating one of the 9 chunks of flesh.
Magic restored.
Natasha mumbles some strange words.
The worker ant barely misses you. Menkaure hits you.
* * * LOW HITPOINT WARNING * * *
The worker ant completely misses you.
This raw flesh tastes great!
Eat one of 8 chunks of flesh? (ye/n/q)
You start eating one of the 8 chunks of flesh.
Menkaure hits you but does no damage.
Natasha extends her claws.
The worker ant bites you but does no damage.
Menkaure hits you!
* * * LOW HITPOINT WARNING * * *
The worker ant bites you.
You die...

..# ## ..# . #.# .## #.##..
##.... # #...# ##.##
###.lh##......
##.####..55MZ..#...#.# #####
..........#a@........# #....
##.....................##.##.
...###.##...##.......#.......
# ##$##...##.#...#.####.###
#.Z.######.......# #.###
#...# #.......####.... #...#
#.#.....)<..#### #...#
#.#.#######.####
..####...######.#.# #.....


You could see Menkaure, an iguana, a worker ant, Natasha, 2 crimson imps and a
leopard gecko skeleton.

Vanquished Creatures
  A hound (D:4)
  2 orc wizards
  Ijyb (D:2)
  Natasha (D:4)
  2 worker ants (D:4)
  3 adders
  A worm (D:2)
  3 dart slugs
  4 leopard geckos
  10 orcs
  3 ball pythons
  3 giant cockroaches
  7 goblins
  6 hobgoblins
  A quokka (D:2)
  8 bats
  4 frilled lizards
  5 kobolds
  7 rats
72 creatures vanquished.

Notes
Turn   | Place    | Note
-------+----------+-------------------------------------------
     0 | Abyss:1  | Gargoyl the Ghoul Abyssal Knight began the quest for the Orb.
     0 | Abyss:1  | Reached XP level 1. HP: 19/19 MP: 1/1
   111 | Abyss:1  | Noticed a starcursed mass
   115 | D:1      | Escaped the Abyss
   317 | D:1      | Reached XP level 2. HP: 26/26 MP: 2/2
   348 | D:1      | Reached * piety under Lugonu
   688 | D:1      | Reached XP level 3. HP: 32/33 MP: 3/3
  1156 | D:2      | Reached skill level 1 in Dodging
  1276 | D:2      | Reached XP level 4. HP: 14/40 MP: 4/4
  1306 | D:2      | Reached skill level 4 in Fighting
  1371 | D:2      | Noticed Ijyb
  1425 | D:2      | Killed Ijyb
  1726 | D:3      | Reached ** piety under Lugonu
  1962 | D:3      | Reached XP level 5. HP: 40/46 MP: 5/5
  2466 | D:4      | Noticed Natasha
  2533 | D:4      | Killed Natasha
  2533 | D:4      | Reached XP level 6. HP: 34/52 MP: 5/7
  2656 | D:4      | Noticed Menkaure
  2658 | D:4      | Noticed Natasha
  2678 | D:4      | Slain by a worker ant

Skill      XL: |  1  2  3  4  5 |
---------------+----------------+-----
Armour         | 2 3 |  3.6
Axes           | 2 3 |  3.8
Dodging        | 1 |  1.3
Fighting       | 4 |  4.3
Invocations    | |  2.8

Action                   |  1- 3 |  4- 6 || total
-------------------------+-------+-------++-------
Melee: Hand axe          |   117 |    98 ||   215
       War axe           |       |   130 ||   130
Invok: Depart the Abyss  |     1 |       ||     1
       Bend Space        |       |     2 ||     2
  Use: Scroll            |     1 |     2 ||     3
       Potion            |     6 |       ||     6
  Eat: Chunk             |    14 |    17 ||    31
Armor: Chain mail        |    94 |   204 ||   298
Dodge: Dodged            |    44 |   104 ||   148
